 Dungeon Crawl Stone Soup version 0.32-a0-928-g1cae6b7ea0 (webtiles) character file.

Game seed: 2300119937779556752

505 Mgcat the Chopper (level 7, 0/55 HPs)
             Began as a Coglin Fighter on Apr 12, 2024.
             Slain by a steam dragon (4 damage)
             ... on level 4 of the Dungeon.
             The game lasted 00:05:46 (2915 turns).

Mgcat the Chopper (Coglin Fighter)                  Turns: 2915, Time: 00:05:46

Health: 0/55       AC: 10    Str: 19    XL:     7   Next: 18%
Magic:  7/7        EV:  7    Int:  7    God:
Gold:   155        SH:  0    Dex: 13    Spells: 6/6 levels left

rFire   . . .        a - +0 war axe {Publia}
rCold   . . .        f - +1 dagger (freeze) {Tae}
rNeg    . . .        g - +0 chain mail
rPois   .            j - +0 helmet
rElec   .            (no cloak)
rCorr   .            (no gloves)
SInv    .            (no boots)
Will    .....        (amulet unavailable) Stlth
                     (ring unavailable)
HPRegen 0.29/turn    (ring unavailable)
MPRegen 0.10/turn    (no gizmo)

%: no passive effects
@: revving
A: off-hand wielding, slow wielding, warmup strikes, no jewellery
a: Invent Gizmo


You were on level 4 of the Dungeon.
You visited 1 branch of the dungeon, and saw 4 of its levels.

You collected 155 gold pieces.

Inventory:

Hand Weapons
 a - a +0 war axe (weapon) {Publia}
 f - a +1 dagger of freezing (offhand) {Tae}
   (You took it off a goblin on level 2 of the Dungeon)
Armour
 g - a +0 chain mail (worn)
   (You found it on level 2 of the Dungeon)
 j - a +0 helmet (worn)
   (You took it off Robin on level 2 of the Dungeon)
Wands
 l - a wand of flame (30)
   (You found it on level 3 of the Dungeon)
Scrolls
 c - a scroll of blinking {unknown}
 d - 2 scrolls of fog {unknown}
 e - a scroll of noise {unknown}
 h - 4 scrolls of identify {unknown}
 i - a scroll of immolation {unknown}
 k - a scroll of poison {unknown}
 m - a scroll of fear {unknown}
 n - 3 scrolls of enchant armour {unknown}
 o - 2 scrolls of revelation {unknown}
Potions
 b - a potion of brilliance {unknown}


   Skills:
 + Level 4.3 Fighting
 * Level 5.0 Axes
 + Level 4.0 Armour
 + Level 3.3 Shields


You had 6 spell levels left.
You didn't know any spells.
Your spell library contained the following spells:

 Spells                   Type           Power      Damage    Failure   Level
 Slow                     Hex            0%         N/A       98%         1
 Confusing Touch          Hex            0%         N/A       100%        3
 Stone Arrow              Conj/Erth      0%         3d7       100%        3
 Vampiric Draining        Necr           0%         2d6       100%        3
 Animate Armour           Summ/Erth      0%         N/A       100%        4
 Lehudib's Crystal Spear  Conj/Erth      0%         10d2      100%        8


Dungeon Overview and Level Annotations

Branches:
Dungeon (4/15)
 Temple: D:4-7

Altars:
Qazlal


Innate Abilities, Weirdness & Mutations

You can wield a second weapon in your off-hand.
It takes a long time for you to wield or remove held weapons.
Your first few attacks do less damage.
You cannot equip rings or amulets.


Message History

Spoiler Alert: The steam dragon (catching breath) breathes balls of steam!
There is a stone staircase leading up here.
Lua error: [string "/dgldir/rcfiles/crawl-git/Mgcat.rc"]:930: invalid capture index You climb upwards.
There is a stone staircase leading down here.
You start resting.
You start resting.
HP restored.
You regained 30 hp, and now have 46/55 hp.
You start resting.
HP restored.
Health restored: 55
There is a stone staircase leading down here.
You climb downwards.
There is a stone staircase leading up here.
You now have 155 gold pieces (gained 18).
You see here a +0 flail.
You open the door.
There is an open door here.
Found a stone staircase leading down.
A ball python comes into view.
The ball python hisses angrily.
A ball python is nearby!
You hit the ball python with your +0 war axe.
The ball python is moderately wounded.
You barely miss the ball python with your +1 dagger of freezing.
The ball python barely misses you. x2
You completely miss the ball python with your +0 war axe.
The ball python is moderately wounded.
You hit the ball python with your +1 dagger of freezing.
You freeze the ball python.
You kill the ball python!
No target in view!
An adder comes into view.
The adder hisses angrily.
You barely miss the adder with your +0 war axe.
You hit the adder with your +1 dagger of freezing.
You freeze the adder. The adder bites you but does no damage.
You hit the adder with your +1 dagger of freezing.
You freeze the adder.
The adder is almost dead.
You slash the adder with your +0 war axe!
You kill the adder!
Your Armour skill increases to level 4!
No target in view!
o - 2 scrolls labelled PIROC DOTHATOSM A hobgoblin comes into view.
The hobgoblin shouts!
The hobgoblin moves out of view.
A hobgoblin is nearby!
The hobgoblin barely misses you.
You closely miss the hobgoblin with your +0 war axe.
You closely miss the hobgoblin with your +1 dagger of freezing.
The hobgoblin hits you but does no damage.
You barely miss the hobgoblin with your +0 war axe.
You hit the hobgoblin with your +1 dagger of freezing.
You freeze the hobgoblin. The hobgoblin hits you.
The hobgoblin barely misses you.
You take 1 damage, and have 54/55 hp.
You closely miss the hobgoblin with your +0 war axe.
The hobgoblin is severely wounded.
You hit the hobgoblin but do no damage. The hobgoblin hits you.
You take 3 damage, and have 51/55 hp.
You slash the hobgoblin with your +0 war axe!
You kill the hobgoblin!
No target in view!
HP restored.
The steam dragon hisses angrily.
Health restored: 55 Spoiler Alert: The steam dragon breathes balls of steam!
The steam dragon breathes steam at you. The ball of steam hits you!!
You take 25 damage, and have 30/55 hp.
MASSIVE DAMAGE!!
Okay, then.
Unknown command.
Unknown command.
Unknown command.
Unknown command.
You are engulfed in a cloud of scalding steam.
The steam dragon breathes steam at you. The ball of steam hits you!!
* * * LOW HITPOINT WARNING * * *
You take 26 damage, and have 4/55 hp.
MASSIVE DAMAGE!!
Spoiler Alert: The steam dragon (catching breath) breathes balls of steam!
Unknown command.
Lua error: [string "/dgldir/rcfiles/crawl-git/Mgcat.rc"]:930: invalid capture index Unknown command.
Lua error: [string "/dgldir/rcfiles/crawl-git/Mgcat.rc"]:930: invalid capture index Unknown command.
Lua error: [string "/dgldir/rcfiles/crawl-git/Mgcat.rc"]:930: invalid capture index Unknown command.
Spoiler Alert: The steam dragon (catching breath) breathes balls of steam!
Spoiler Alert: The steam dragon breathes balls of steam!
Unknown command.
Unknown command.
Unknown command.
You barely miss the steam dragon with your +0 war axe.
You hit the steam dragon with your +1 dagger of freezing.
You freeze the steam dragon. The steam dragon bites you.
You die...

#.# #.#
######################.# ####
................>.....<##.....
################.###.....<....
#...#...##.#### #.#...#.# #
#D#...#... #@......#..#
#..#.#..##... ...#...#.......
#....§......##.#
#$...#.§.#....#.#
#.##..#.#..##.# .# #.. ....#
.. ..# ..#..


You could see a steam dragon.

Vanquished Creatures
  Sigmund (D:2)
  A kobold brigand (D:3)
  An iguana (D:3)
  Natasha (twice) (D:2)
  Terence (D:3)
  An orc wizard (D:3)
  Robin (D:2)
  A gnoll (D:2)
  3 adders
  A dart slug (D:1)
  6 ribbon worms
  5 orcs (D:3)
  7 ball pythons
  5 bats
  5 endoplasms
  3 giant cockroaches
  13 goblins
  8 hobgoblins
  8 jackals
  A quokka (D:1)
  2 frilled lizards (D:1)
  13 kobolds
  8 rats
97 creatures vanquished.

Notes
Turn   | Place    | Note
-------+----------+-------------------------------------------
     0 | D:1      | Mgcat the Coglin Fighter began the quest for the Orb.
     0 | D:1      | Reached XP level 1. HP: 18/18 MP: 1/1
    94 | D:1      | Reached XP level 2. HP: 21/24 MP: 2/2
   312 | D:1      | Reached XP level 3. HP: 29/29 MP: 3/3
   616 | D:1      | Reached skill level 3 in Armour
  1127 | D:2      | Noticed Robin
  1135 | D:2      | Reached skill level 3 in Axes
  1137 | D:2      | Killed Robin
  1138 | D:2      | Reached XP level 4. HP: 25/35 MP: 4/4
  1236 | D:2      | Noticed Natasha
  1241 | D:2      | Killed Natasha
  1303 | D:2      | Noticed Sigmund
  1307 | D:2      | Killed Sigmund
  1308 | D:2      | Reached skill level 4 in Fighting
  1308 | D:2      | Reached skill level 4 in Axes
  1308 | D:2      | Reached skill level 3 in Shields
  1308 | D:2      | Reached XP level 5. HP: 33/42 MP: 5/5
  1308 | D:2      | Reached XP level 6. HP: 38/48 MP: 6/6
  1633 | D:2      | Noticed Natasha
  1642 | D:2      | Killed Natasha
  2042 | D:3      | Found a stormy altar of Qazlal.
  2114 | D:3      | Noticed Terence
  2124 | D:3      | Killed Terence
  2445 | D:3      | Reached XP level 7. HP: 29/55 MP: 7/7
  2511 | D:4      | Reached skill level 5 in Axes
  2544 | D:4      | Noticed a steam dragon
  2822 | D:4      | Reached skill level 4 in Armour
  2913 | D:4      | HP: 4/55 [steam dragon/ball of steam (20)]
  2915 | D:4      | Slain by a steam dragon

Illustrated notes

Levels and vault maps discovered:
D:1:      ebering_trefoil_3fold, layout_basic
D:2:      layout_loops_ring, cheibrodos_gnoll_hut, uniq_sigmund, uniq_natasha,
          uniq_robin
D:3:      cheibrodos_thug_alley, layout_rooms, nicolae_qazlal_scattered_showers,
          shapermc_ecumenical_altar_mp_vishouse, uniq_terence
D:4:      layout_basic, zin_angel, minmay_misc_feat_enclosed,
          serial_library_hellmonk_open_cross

Skill      XL: |  1  2  3  4  5  6  7 |
---------------+----------------------+-----
Armour         | 3 4 |  4.0
Axes           | 3 4 5 |  5.0
Fighting       | 4 |  4.3
Shields        | 3 |  3.3

Action                     |  1- 3 |  4- 6 |  7- 9 || total
---------------------------+-------+-------+-------++-------
  Melee: War axe           |    70 |    91 |    12 ||   173
         Hand axe          |    51 |       |       ||    51
         Dagger            |     9 |    82 |    10 ||   101
    Use: Potion            |       |     1 |       ||     1
 Armour: Scale mail        |    47 |       |       ||    47
         Chain mail        |    18 |    98 |    14 ||   130
  Dodge: Dodged            |    33 |    36 |     5 ||    74

Table legend: (Time is in decaauts)
 A = Elapsed time spent in this place.
 B = Non-inter-level travel time spent in this place.
 C = Inter-level travel time spent in this place.
 D = Time resting spent in this place.
 E = Time spent auto-exploring this place.
 F = Levels seen in this place.
 G = Mean time per level.
                   A        B        C        D        E       F      G
               +--------+--------+--------+--------+--------+-----+--------+
         Total |   2962 |   2853 |    109 |    308 |   2011 |   4 |  740.5 |
       Dungeon |   2962 |   2853 |    109 |    308 |   2011 |   4 |  740.5 |
               +--------+--------+--------+--------+--------+-----+--------+

Top non-repeatable levels by time:
     D:2: 942 daAuts
     D:3: 897 daAuts
     D:1: 880 daAuts
     D:4: 243 daAuts

Levels and vault maps discovered:
D:1:      ebering_trefoil_3fold, layout_basic
D:2:      layout_loops_ring, cheibrodos_gnoll_hut, uniq_sigmund, uniq_natasha,
          uniq_robin
D:3:      cheibrodos_thug_alley, layout_rooms, nicolae_qazlal_scattered_showers,
          shapermc_ecumenical_altar_mp_vishouse, uniq_terence
D:4:      layout_basic, zin_angel, minmay_misc_feat_enclosed,
          serial_library_hellmonk_open_cross

Table legend: (Time is in decaauts)
 A = Elapsed time spent in this place.
 B = Non-inter-level travel time spent in this place.
 C = Inter-level travel time spent in this place.
 D = Time resting spent in this place.
 E = Time spent auto-exploring this place.
 F = Levels seen in this place.
 G = Mean time per level.
                   A        B        C        D        E       F      G
               +--------+--------+--------+--------+--------+-----+--------+
         Total |   2962 |   2853 |    109 |    308 |   2011 |   4 |  740.5 |
       Dungeon |   2962 |   2853 |    109 |    308 |   2011 |   4 |  740.5 |
               +--------+--------+--------+--------+--------+-----+--------+

Top non-repeatable levels by time:
     D:2: 942 daAuts
     D:3: 897 daAuts
     D:1: 880 daAuts
     D:4: 243 daAuts

Table legend:
 A = Kills in this place as a percentage of kills in the entire game.
 B = Kills by you in this place as a percentage of kills by you in the entire game.
 C = Kills by friends in this place as a percentage of kills by friends in the entire game.
 D = Other kills in this place as a percentage of other kills in the entire game.
 E = Experience gained in this place as a percentage of experience gained in the entire game.
 F = Experience gained in this place divided by the number of levels of this place that you have seen.
                   A       B       C       D       E      F
               +-------+-------+-------+-------+-------+----------------------
         Total | 100.0 | 100.0 |   N/A |   N/A | 100.0 | 180.5
       Dungeon | 100.0 | 100.0 |   N/A |   N/A | 100.0 | 180.5
               +-------+-------+-------+-------+-------+----------------------
